 Dungeon Sprint DCSS version 0.22-a0-458-gb446440 (webtiles) character file.

43 Mgcat the Skirmisher (level 3, 0/57 HPs)
             Began as a Minotaur Berserker on June 8, 2018.
             Was a Believer of Trog.
             Splashed by a jelly's acid (3 damage)
             ... in the Dungeon (Sprint IX: "|||||||||||||||||||||||||||||").
             The game lasted 00:01:10 (29 turns).

Mgcat the Skirmisher (Minotaur Berserker)             Turns: 29, Time: 00:01:10

Health: 0/57       AC: -1    Str: 27    XL:     3   Next: 37%
Magic:  2/2        EV: 12    Int:  4    God:    Trog [**....]
Gold:   0          SH:  0    Dex:  9    Spells: 2/2 levels left

rFire    . . .     SeeInvis .   a - +0 hand axe
rCold    . . .     Gourm    .   (no shield)
rNeg     . . .     Faith    .   b - +0 animal skin
rPois    .         Spirit   .   (helmet restricted)
rElec    .         Reflect  .   (no cloak)
rCorr    .         Harm     .   (no gloves)
MR       .....     NoTele   +   (no boots)
Stlth    ..........             (no amulet)
HPRegen  0.19/turn              (no ring)
MPRegen  0.08/turn              (no ring)

@: berserking, corroded, very quick
A: retaliatory headbutt, horns 2
a: Berserk, Trog's Hand, Renounce Religion


You were in the Dungeon.
You worshipped Trog.
Trog was pleased with you.
You were not hungry.

You visited 1 branch

Inventory:

Hand Weapons
 a - a +0 hand axe (weapon)
Armour
 b - a +0 animal skin (worn)
Scrolls
 i - a scroll of blinking {!r}
Potions
 d - a potion of curing
 e - a potion of heal wounds
 f - a potion of haste
 g - 2 potions of magic
 h - a potion of berserk rage {!q}
Comestibles
 c - a ration
 j - a chunk of flesh {@w0}


   Skills:
 * Level 6.8 Fighting
 + Level 5.4 Axes
 + Level 4.6 Armour
 - Level 2.1 Dodging


You had 2 spell levels left.
You didn't know any spells.
Your spell library was empty.

Dungeon Overview and Level Annotations

Branches:
Dungeon (1/1)

Altars:


Innate Abilities, Weirdness & Mutations

You reflexively headbutt those who attack you in melee.
You have a pair of horns on your head.


Message History

The goblin hits you but does no damage.
You slash the goblin!
You kill the goblin!
Trog accepts your kill.
Your Armour skill increases to level 3!
The bat hits you but does no damage. x2
You slash the bat!
You kill the bat!
Trog accepts your kill.
No target in view!
No target in view!
No target in view!
No target in view!
You butcher the bat corpse.
j - a chunk of flesh {@w0} You see here a dagger. x2
You open the door.
Marking area around the jelly as unsafe for travelling.
A frilled lizard, a jelly, 2 snakes and a howler monkey come into view.
The howler monkey howls!
The adder hisses angrily.
The jelly quivers.
The frilled lizard hisses angrily.
You slash the howler monkey!
The howler monkey is heavily wounded.
The howler monkey hits you.
You barely miss the howler monkey.
The howler monkey is heavily wounded.
The howler monkey hits you. x2
* * * LOW HITPOINT WARNING * * *
You slash the howler monkey!
The howler monkey is almost dead.
The frilled lizard hisses.
The howler monkey hoots and howls with incredible vigour!
You are too injured to fight recklessly!
A red film seems to cover your vision as you go berserk!
You feel yourself moving faster!
You feel mighty!
You feel a lot more hungry. The howler monkey hits you.
* * * LOW HITPOINT WARNING * * *
You barely miss the howler monkey.
The howler monkey is almost dead.
The howler monkey hits you.
* * * LOW HITPOINT WARNING * * *
You are too berserk!
You slash the howler monkey!
You kill the howler monkey!
Trog accepts your kill.
Your Fighting skill gained 2 levels and is now at level 6!
Your Axes skill increases to level 5!
Your Armour skill increases to level 4!
You have reached level 2!
You have reached level 3!
Your experience leads to an increase in your attributes!
Your base attributes are Str 21, Int 4, Dex 9.
Increase (S)trength, (I)ntelligence, or (D)exterity?
Uppercase letters only, please.
Uppercase letters only, please.
Uppercase letters only, please.
Uppercase letters only, please.
Uppercase letters only, please.
Uppercase letters only, please.
Uppercase letters only, please.
Uppercase letters only, please.
Uppercase letters only, please.
Uppercase letters only, please.
Uppercase letters only, please.
Uppercase letters only, please.
Uppercase letters only, please.
Uppercase letters only, please.
Uppercase letters only, please.
Uppercase letters only, please.
Uppercase letters only, please.
Uppercase letters only, please.
Uppercase letters only, please.
Uppercase letters only, please.
Uppercase letters only, please.
Uppercase letters only, please.
Uppercase letters only, please.
Uppercase letters only, please.
Uppercase letters only, please.
Uppercase letters only, please.
Uppercase letters only, please.
Uppercase letters only, please.
Uppercase letters only, please.
Uppercase letters only, please.
Uppercase letters only, please.
Uppercase letters only, please.
Uppercase letters only, please.
Uppercase letters only, please.
Welcome back, Mgcat the Minotaur Berserker.
Trog says: Kill them all!
Press ? for a list of commands and other information.
You have reached level 3!
Your experience leads to an increase in your attributes!
Your base attributes are Str 21, Int 4, Dex 9.
Increase (S)trength, (I)ntelligence, or (D)exterity?
Uppercase letters only, please.
You feel stronger. The jelly closely misses you.
There is an open door, spattered with blood here.
You slash the jelly! The acid corrodes you!
Your hands burn!
You die... ▓▓▓▓▓▓▓▓▓▓▓▓▓▓▓▓▓▓ ▓<...'.))..@JlSS.+ ▓▓▓▓▓▓▓▓▓▓▓▓▓▓▓▓▓▓

You could see a jelly, an adder, a ball python and a frilled lizard.

Vanquished Creatures
  A howler monkey (D)
  A bat (D)
  A giant cockroach (D)
  A goblin (D)
  A kobold (D)
  A rat (D)
6 creatures vanquished.

Notes
Turn   | Place    | Note
-------+----------+-------------------------------------------
     0 | D        | Mgcat the Minotaur Berserker began the quest for the Orb.
     0 | D        | Reached XP level 1. HP: 19/19 MP: 0/0
     9 | D        | Reached skill level 4 in Fighting
    10 | D        | Reached ** piety under Trog
    10 | D        | Reached skill level 4 in Axes
    15 | D        | Reached skill level 3 in Armour
    21 | D        | Noticed a howler monkey
    21 | D        | Noticed a jelly
    23 | D        | HP: 4/22 [howler monkey (5)]
    27 | D        | Killed a howler monkey
    27 | D        | Reached skill level 6 in Fighting
    27 | D        | Reached skill level 5 in Axes
    27 | D        | Reached skill level 4 in Armour
    27 | D        | Reached XP level 2. HP: 2/31 MP: 1/1
    28 | D        | Reached XP level 3. HP: 3/38 MP: 2/2
    29 | D        | Splashed by a jelly's acid

Vault maps used:
D:        linesprint

Skill      XL: |  1 |
---------------+----+-----
Fighting       | 6 |  6.8
Axes           | 5 |  5.4
Armour         | 4 |  4.6
Dodging        | |  2.1

Action                   || total
-------------------------++-------
Melee: Hand axe          ||    16
       Headbutt          ||     1
Invok: Berserk           ||     1
Armor: Animal skin       ||     3
Dodge: Dodged            ||     8

Table legend:
 A = Spawn XP
 B = Non-spawn XP
 C = Spawn XP percentage of total XP
 D = Spawn monster count
 E = Non-spawn monster count
 F = Spawn count percentage of total count
 G = Total turns spent on level
                    A         B        C        D         E        F      G
               +---------+---------+-------+---------+---------+-------+---------
         Total |       0 |      62 |   0.0 |       0 |       6 |   0.0 |    29
               +---------+---------+-------+---------+---------+-------+---------
             D |       0 |      62 |   0.0 |       0 |       6 |   0.0 |    29
               +---------+---------+-------+---------+---------+-------+---------

Vault maps used:
D:        linesprint

Table legend:
 A = Turns spent in this place as a percentage of turns spent in the entire game.
 B = Non-inter-level travel turns spent in this place as a percentage of non-inter-level travel turns spent in the entire game.
 C = Inter-level travel turns spent in this place as a percentage of turns spent in this place.
 D = Turns resting spent in this place as a percentage of non-inter-level travel turns spent in this place.
 E = Turns spent auto-exploring this place as a percentage of non-inter-level travel turns spent in this place.
 F = Non-inter-level travel turns spent in this place divided by the number of levels of this place that you've seen.
                   A       B       C       D       E      F
               +-------+-------+-------+-------+-------+----------------------
         Total | 100.0 | 100.0 |   0.0 |   0.0 |  24.1 |  29.0
       Dungeon | 100.0 | 100.0 |   0.0 |   0.0 |  24.1 |  29.0
               +-------+-------+-------+-------+-------+----------------------

Table legend:
 A = Kills in this place as a percentage of kills in entire the game.
 B = Kills by you in this place as a percentage of kills by you in the entire game.
 C = Kills by friends in this place as a percentage of kills by friends in the entire game.
 D = Other kills in this place as a percentage of other kills in the entire game.
 E = Experience gained in this place as a percentage of experience gained in the entire game.
 F = Experience gained in this place divided by the number of levels of this place that you have seen.
                   A       B       C       D       E      F
               +-------+-------+-------+-------+-------+----------------------
         Total | 100.0 | 100.0 |   N/A |   N/A | 100.0 |  62.0
       Dungeon | 100.0 | 100.0 |   N/A |   N/A | 100.0 |  62.0
               +-------+-------+-------+-------+-------+----------------------
